Map: [ESL] Hecate

Players

eGGz

  • Race: Zerg Zerg
  • Spawn Location: 1:00

MaSa - Winner!

  • Race: Terran Terran
  • Spawn Location: 7:00

Event: ESL SC2 Masters 2023 Winter (Regional)

VOD

Have the link to the VOD?

Description

Time

  • Played on: Nov. 6, 2023, 7:24 p.m.
  • Length: 13:38

All games in this series

Show
View Real Time Build Order
Export as new Build Order

eGGz Zerg 

Build Orders: Pool First 

Get SALT Encoding   

  12  0:00  Drone  
  13  0:13  Overlord  
  13  0:17  Drone  
  14  0:31  Drone  
  14  0:32  Drone  
  16  0:40  Spawning Pool  
  15  0:44  Drone  
  15  0:48  Drone  
  17  1:09  Hatchery  
  17  1:11  Drone  
  17  1:20  Extractor  
  16  1:29  Zergling x6  
  16  1:32  Queen  
  21  1:40  Overlord  
  21  1:51  Drone  
  22  2:02  Drone  
  22  2:08  Queen  
  25  2:13  Drone  
  26  2:22  Metabolic Boost  
  26  2:23  Queen  
  28  2:31  Overlord  
  28  2:32  Drone x2  
  30  2:37  Zergling x2  
  30  2:43  Drone x2  
  33  2:50  Overlord  
  33  2:55  Zergling x2  
  33  2:56  Drone x2  
  36  3:02  Queen  
  36  3:05  Drone  
  39  3:14  Drone x2  
  39  3:18  Drone x3  
  39  3:19  Drone  
  45  3:30  Drone x2  
  46  3:35  Drone x3  
  46  3:41  Spore Crawler  
  48  3:47  Drone x2  
  51  3:51  Hatchery  
  50  4:01  Overlord  
  50  4:08  Overlord  
  50  4:13  Hatchery  
  49  4:23  Queen x2  
  53  4:25  Drone  
  53  4:27  Evolution Chamber  
  53  4:28  Drone, Evolution Chamber  
  53  4:34  Overlord  
  53  4:35  Zergling x4  
  53  4:36  Zergling x2  
  56  4:39  Overlord  
  56  4:51  Overlord  
  56  4:53  Zerg Ground Armor Level 1  
  56  4:54  Drone x4  
  56  4:55  Drone  
  60  5:03  Queen  
  60  5:05  Drone  
  60  5:06  Drone  
  60  5:07  Drone x2  
  66  5:10  Zergling x2  
  66  5:11  Zergling x2  
  66  5:13  Zerg Melee Weapons Level 1  
  68  5:20  Zergling x6  
  71  5:25  Spore Crawler x2  
  71  5:26  Drone x3  
  72  5:30  Spore Crawler  
  72  5:31  Drone x2  
  72  5:33  Drone  
  74  5:39  Baneling Nest  
  73  5:43  Queen  
  73  5:46  Drone x3  
  73  5:47  Overlord  
  73  5:48  Zergling x2  
  73  5:49  Zergling x2  
  80  5:53  Zergling x8  
  82  6:03  Zergling x16  
  72  6:14  Drone, Queen x2  
  72  6:17  Drone x5  
  75  6:26  Zergling x2  
  75  6:27  Zergling x14  
  83  6:36  Drone x2  
  85  6:43  Drone x2  
  85  6:44  Drone  
  85  6:45  Overlord  
  85  6:46  Zergling x8  
  85  6:47  Zergling x2  
  93  6:50  Lair  
  93  6:54  Zergling x6  
  96  6:57  Overlord  
  96  6:58  Overlord  
  96  7:06  Zergling x6, Baneling x6  
  96  7:07  Zergling x6  
  102  7:11  Zergling x2  
  103  7:21  Drone x2  
  103  7:22  Drone  
  105  7:25  Zergling x8  
  108  7:30  Zergling x8  
  108  7:34  Zergling x12  
  115  7:40  Zergling x4  
  109  7:53  Hatchery  
  109  7:54  Centrifugal Hooks  
  109  7:55  Zergling x10  
  109  7:57  Extractor  
  111  8:01  Zergling x2  
  111  8:03  Zergling x2  
  111  8:04  Hatchery  
  111  8:05  Overlord  
  111  8:06  Hatchery  
  111  8:07  Overlord  
  111  8:10  Queen  
  112  8:13  Extractor, Queen  
  112  8:14  Extractor  
  111  8:22  Hatchery  
  111  8:23  Zergling x12  
  116  8:33  Drone x3  
  119  8:35  Baneling  
  119  8:36  Baneling x5  
  119  8:37  Zergling x2  
  119  8:38  Zergling x8  
  124  8:42  Drone x2  
  124  8:43  Drone  
  127  8:50  Drone x3  
  127  8:54  Overlord  
  130  8:58  Baneling x5  
  130  8:59  Zergling x4  
  124  9:07  Zergling x16  
  117  9:16  Baneling x2  
  108  9:18  Drone x7  
  108  9:22  Drone x2  
  101  9:27  Infestation Pit  
  101  9:30  Zergling x12  
  106  9:34  Queen  
  106  9:35  Drone x3  
  106  9:40  Zergling x6  
  108  9:46  Zerg Ground Armor Level 2  
  108  9:48  Drone x2  
  108  9:50  Drone  
  103  9:55  Zergling x10  
  107  10:06  Zergling x20  
  117  10:14  Drone x3  
  120  10:16  Zergling x12  
  126  10:26  Zergling x10  
  130  10:39  Zergling x14  
  135  10:43  Hive  
  135  10:47  Extractor  
  135  10:48  Zergling x14, Extractor  
  135  10:49  Hatchery  
  138  10:59  Zergling x10  
  143  11:08  Zergling x10  
  143  11:10  Hatchery  
  147  11:13  Evolution Chamber  
  147  11:16  Drone x3  
  147  11:17  Drone  
  150  11:21  Baneling x11  
  150  11:22  Zergling x2  
  140  11:35  Overlord  
  140  11:37  Drone x3  
  140  11:38  Zergling x8  
  141  11:47  Overlord  
  141  11:49  Hatchery  
  141  11:53  Zergling x24  
  145  12:03  Zergling x2  
  145  12:04  Zergling x8  
  145  12:08  Zergling x14  
  139  12:10  Overlord  
  139  12:13  Zergling x10  
  127  12:18  Burrow  
  127  12:22  Ultralisk Cavern  
  118  12:23  Zergling x10  
  118  12:24  Zergling x2  
  118  12:28  Zergling x6  
  112  12:34  Drone x2  
  112  12:36  Baneling x4  
  107  12:39  Zergling x6  
  107  12:40  Zergling x2  
  104  12:44  Zergling x2  
  104  12:45  Zergling x18  
  104  12:50  Baneling x4  
  114  12:55  Drone x4  
  114  13:01  Zergling x4  
  114  13:02  Zergling x8  
  117  13:07  Overlord  
  117  13:09  Drone x3  
  116  13:14  Zergling x8  
  116  13:16  Baneling x6  
Show
View Real Time Build Order
Export as new Build Order

MaSa Terran - Winner!

Build Orders:  

Get SALT Encoding   

  12  0:00  SCV  
  13  0:12  SCV  
  14  0:18  Supply Depot  
  14  0:24  SCV  
  15  0:39  SCV  
  15  0:40  Barracks  
  16  0:43  Refinery  
  16  0:51  SCV  
  17  0:59  Barracks  
  17  1:03  SCV  
  18  1:15  SCV  
  19  1:26  Reaper  
  19  1:27  Orbital Command  
  20  1:40  Supply Depot  
  20  1:45  Reaper  
  21  1:53  Bunker  
  21  1:54  SCV  
  22  2:03  Reaper  
  22  2:06  SCV  
  24  2:13  Command Center  
  24  2:19  SCV  
  24  2:22  Marine  
  25  2:32  Refinery  
  25  2:34  Marine  
  26  2:39  Factory  
  26  2:42  Bunker, Marine  
  27  2:44  SCV  
  28  2:56  SCV  
  28  2:57  Barracks Reactor  
  29  3:09  Barracks Tech Lab, SCV  
  30  3:21  SCV  
  30  3:23  Starport  
  31  3:33  SCV  
  32  3:34  SCV  
  32  3:37  Marine x3  
  34  3:41  Stimpack  
  34  3:45  SCV  
  35  3:49  Orbital Command  
  35  3:52  Factory Reactor  
  35  3:55  Marine x3  
  36  3:57  SCV  
  36  4:01  Refinery  
  38  4:04  Viking  
  38  4:09  SCV  
  41  4:11  Supply Depot  
  41  4:16  SCV  
  42  4:17  Marine  
  42  4:18  Marine  
  42  4:20  Marine  
  42  4:21  SCV  
  46  4:26  Supply Depot  
  46  4:30  Supply Depot  
  46  4:33  SCV  
  47  4:39  Factory Tech Lab, SCV  
  47  4:42  Medivac x2  
  53  4:45  SCV  
  53  4:50  Marine x3  
  56  4:58  SCV  
  57  5:04  Command Center  
  57  5:06  SCV  
  58  5:08  Marine  
  58  5:10  Siege Tank  
  58  5:12  SCV  
  65  5:20  Engineering Bay  
  65  5:25  Engineering Bay  
  65  5:26  SCV  
  65  5:27  SCV  
  65  5:28  Marine  
  67  5:33  Marine  
  67  5:35  Starport Reactor  
  67  5:36  Barracks  
  67  5:37  Marine  
  67  5:40  SCV x2  
  70  5:43  Combat Shield  
  70  6:05  SCV, Marine  
  70  6:07  SCV  
  70  6:09  Marine x2  
  68  6:12  Siege Tank  
  68  6:17  SCV  
  63  6:23  SCV, Marine  
  63  6:24  Marine x2  
  63  6:25  Orbital Command  
  67  6:26  Marine, Medivac x2  
  67  6:27  Marine  
  67  6:29  Terran Infantry Weapons Level 1, Terran Infantry Armor Level 1  
  67  6:32  Refinery  
  73  6:33  Barracks  
  73  6:34  SCV  
  73  6:35  Barracks  
  73  6:39  SCV  
  75  6:40  Marine  
  75  6:44  Siege Tank, Marine  
  75  6:46  SCV, Marine x2  
  83  6:47  Orbital Command  
  83  6:51  Marine, SCV, Supply Depot  
  85  7:06  Supply Depot  
  85  7:07  Armory, Supply Depot  
  85  7:12  Marine x5  
  90  7:16  SCV x2  
  87  7:30  Marine  
  87  7:32  Marine x3  
  87  7:33  Barracks Reactor  
  87  7:34  Orbital Command  
  87  7:35  SCV x2  
  88  7:37  Marine  
  88  7:39  Barracks Reactor  
  86  7:48  Marine  
  86  7:50  Marine x2  
  81  7:52  Siege Tank, Marine  
  81  7:53  SCV  
  81  7:55  Liberator x2  
  81  7:57  SCV  
  92  8:02  Supply Depot  
  92  8:04  Supply Depot  
  92  8:05  SCV x2  
  93  8:06  Marine  
  93  8:07  Barracks Reactor  
  93  8:08  Marine x2  
  93  8:09  Marine x3, SCV  
  100  8:17  SCV x2  
  102  8:21  SCV  
  102  8:22  Terran Vehicle Weapons Level 1  
  102  8:23  Marine, Supply Depot  
  102  8:25  Marine  
  102  8:26  Marine  
  102  8:27  Siege Tank, Marine x2  
  109  8:29  SCV  
  109  8:30  SCV  
  109  8:33  SCV  
  109  8:34  Terran Infantry Weapons Level 2  
  114  8:37  Terran Infantry Armor Level 2  
  114  8:41  SCV, Marine  
  115  8:42  SCV  
  115  8:45  Medivac  
  119  8:51  Medivac  
  119  8:54  Refinery  
  119  8:55  Supply Depot x2, Marine x3  
  124  8:58  SCV x3  
  127  9:03  Marine x5  
  127  9:08  Marine x2  
  111  9:13  Marine x3  
  111  9:15  Siege Tank, Medivac  
  110  9:18  SCV  
  110  9:19  SCV  
  110  9:21  Marine x2  
  110  9:23  Marine x3  
  113  9:27  Marine x2  
  113  9:30  SCV  
  113  9:31  SCV x2  
  117  9:42  Marine x4  
  117  9:43  Medivac, Marine  
  126  9:51  SCV  
  122  9:53  SCV  
  122  9:54  Marine x2  
  122  9:55  Command Center, Marine  
  126  10:00  SCV  
  126  10:01  Marine  
  126  10:02  Marine  
  126  10:03  SCV, Marine  
  126  10:04  Marine  
  126  10:05  SCV  
  130  10:07  Marine x2  
  130  10:10  Medivac  
  130  10:13  Medivac, Marine  
  130  10:14  Marine  
  138  10:17  Siege Tank  
  140  10:22  Marine  
  140  10:23  Marine x2  
  140  10:24  SCV  
  140  10:25  Terran Vehicle Weapons Level 2, SCV  
  144  10:39  Marine x6  
  149  10:44  Marine  
  149  10:51  Sensor Tower  
  149  10:53  Supply Depot  
  149  10:54  Supply Depot  
  149  11:06  Marine x8  
  149  11:07  Siege Tank, SCV x2, Medivac  
  149  11:09  Marine x2  
  162  11:24  Marine x8  
  168  11:26  Marine  
  168  11:30  Marine  
  155  11:39  Siege Tank  
  152  11:42  SCV x2, Marine x8  
  152  11:44  Marine  
  162  11:48  Marine  
  162  11:53  SCV  
  164  12:00  SCV x2, Marine x8  
  173  12:02  Marine  
  173  12:05  Marine  
  145  12:16  SCV x2  
  145  12:18  Marine x8  
  145  12:20  Marine  
  150  12:23  Marine  
  150  12:24  Siege Tank  
  150  12:26  SCV  
  150  12:28  SCV x2  
  152  12:36  Marine x8  
  154  12:38  Planetary Fortress, SCV  
  154  12:40  SCV x2  
  153  12:47  Marine x2  
  153  12:49  Medivac x2  
  153  12:50  SCV  
  159  12:52  SCV  
  159  12:53  SCV, Marine  
  159  12:57  Marine x4  
  166  13:02  SCV  
  166  13:03  Marine x2  
  166  13:04  Marine  
  170  13:07  Marine x2  
  170  13:09  SCV x2  
  170  13:11  Marine  
  173  13:15  Marine x4  
  180  13:21  SCV  
Tags
 
Add a new tag
Caveats
  • Supply blocks, unpowered buildings, or Contaminate may cause inaccurate times.
  • Supply counts are checked every 10 seconds.